Map: Abyssal Reef LE

Players

wiNgiAN

  • Race: Protoss Protoss
  • League: Grandmaster
  • Spawn Location: 5:00

Neuro - Winner!

  • Race: Zerg Zerg
  • League: Master
  • Spawn Location: 11:00

VOD

https://www.youtube.com/watch?v=N_Vz8uD1ZHQ&feature=youtu.be

Description

Time

  • Played on: April 2, 2017, 5:12 p.m.
  • Length: 8:23
Show
View Real Time Build Order
Export as new Build Order

wiNgiAN Protoss 

Build Orders: 1 Gate Expand 

Get SALT Encoding   

  12  0:00  Probe (Chrono Boost)  
  13  0:11  Probe (Chrono Boost)  
  14  0:17  Pylon  
  14  0:22  Probe (Chrono Boost)  
  16  0:35  Probe (Chrono Boost)  
  16  0:38  Gateway  
  16  0:45  Assimilator  
  16  0:46  Probe (Chrono Boost)  
  17  0:57  Probe (Chrono Boost)  
  17  1:00  Gateway  
  18  1:08  Probe (Chrono Boost)  
  19  1:24  Cybernetics Core  
  19  1:39  Nexus  
  19  1:46  Pylon  
  19  1:58  Adept  
  19  1:59  Adept  
  23  2:04  Warp Gate  
  23  2:05  Assimilator  
  23  2:12  Probe (Chrono Boost)  
  24  2:24  Adept x2  
  24  2:29  Probe (Chrono Boost)  
  29  2:41  Probe (Chrono Boost)  
  30  2:50  Robotics Facility  
  31  2:51  Probe (Chrono Boost)  
  31  2:53  Probe (Chrono Boost)  
  32  3:03  Probe (Chrono Boost)  
  32  3:05  Probe (Chrono Boost)  
  34  3:17  Probe (Chrono Boost)  
  34  3:18  Gateway, Probe (Chrono Boost)  
  36  3:27  Probe (Chrono Boost)  
  33  3:38  Probe (Chrono Boost)  
  33  3:39  Probe (Chrono Boost), Warp Prism  
  37  3:48  Probe (Chrono Boost)  
  37  3:51  Probe (Chrono Boost)  
  35  3:59  Pylon  
  35  4:00  Gateway  
  35  4:06  Probe (Chrono Boost)  
  35  4:08  Adept, Probe (Chrono Boost)  
  35  4:09  Adept  
  41  4:12  Adept  
  41  4:15  Immortal  
  43  4:22  Probe x2 (Chrono Boost)  
  49  4:29  Pylon  
  49  4:32  Probe (Chrono Boost)  
  49  4:36  Mothership Core (Chrono Boost), Sentry  
  54  4:42  Pylon  
  54  4:47  Assimilator  
  54  4:48  Sentry  
  54  4:49  Sentry  
  54  4:50  Assimilator  
  58  4:54  Probe (Chrono Boost)  
  58  4:55  Immortal  
  58  4:56  Probe (Chrono Boost)  
  60  5:05  Probe (Chrono Boost)  
  60  5:06  Pylon  
  66  5:08  Probe (Chrono Boost)  
  66  5:14  Gateway  
  66  5:22  Gateway  
  66  5:23  Gateway  
  66  5:26  Gateway  
  66  5:30  Pylon  
  66  5:47  Sentry  
  66  5:48  Sentry x2  
  72  5:57  Immortal  
  70  6:20  Adept x4  
  78  6:28  Pylon  
  78  6:29  Pylon  
  78  6:31  Immortal  
  82  6:40  Adept  
  82  6:41  Adept  
  82  6:46  Pylon  
  86  6:47  Pylon  
  86  6:49  Pylon  
  86  6:51  Pylon  
  86  7:00  Adept x6  
  86  7:01  Adept x2  
  102  7:19  Pylon  
  102  7:21  Pylon  
  102  7:24  Adept x2  
  102  7:25  Adept x3  
  102  7:26  Sentry  
  102  7:27  Sentry  
  102  7:28  Sentry  
  108  7:56  Adept x4  
  106  7:58  Adept x2  
  106  7:59  Adept  
Show
View Real Time Build Order
Export as new Build Order

Neuro Zerg - Winner!

Build Orders: Hatch First 

Get SALT Encoding   

  12  0:01  Drone  
  13  0:12  Overlord  
  13  0:18  Drone  
  14  0:32  Drone x2  
  16  0:50  Hatchery  
  16  0:52  Drone  
  16  0:56  Drone  
  17  1:00  Drone  
  18  1:12  Extractor  
  18  1:17  Spawning Pool  
  16  1:20  Drone  
  16  1:23  Drone  
  18  1:28  Drone  
  19  1:38  Drone  
  20  1:51  Hatchery  
  19  1:56  Drone  
  20  2:04  Drone x2  
  22  2:10  Queen  
  24  2:18  Drone x2  
  26  2:22  Metabolic Boost  
  26  2:29  Overlord  
  26  2:34  Overlord  
  26  2:40  Zergling x4  
  28  2:49  Queen  
  30  2:52  Zergling x4  
  31  3:04  Drone x3  
  33  3:06  Zergling x2  
  33  3:10  Drone  
  35  3:26  Drone x3  
  34  3:40  Drone x3  
  37  3:41  Drone  
  37  3:49  Drone x2  
  37  3:50  Drone  
  37  3:53  Drone  
  41  4:05  Extractor  
  41  4:06  Drone x2  
  41  4:07  Roach Warren  
  41  4:15  Drone x5  
  46  4:21  Overlord x2  
  46  4:34  Spore Crawler  
  46  4:36  Drone x6, Spore Crawler  
  50  4:41  Spore Crawler  
  49  4:47  Queen  
  51  4:53  Drone x2  
  51  4:54  Drone x2  
  51  4:55  Drone x2  
  51  4:56  Drone x2  
  51  4:57  Drone  
  60  5:04  Overlord x2  
  60  5:09  Overlord  
  60  5:22  Queen x2  
  60  5:25  Roach x4  
  60  5:26  Roach  
  78  5:28  Drone x5  
  78  5:35  Extractor, Zergling x2  
  79  5:36  Queen  
  77  5:44  Zergling x12  
  81  5:52  Zergling x6  
  82  5:58  Overlord  
  82  5:59  Overlord x3  
  81  6:16  Queen  
  81  6:17  Overlord x4  
  83  6:19  Ravager x4  
  83  6:21  Zergling x8  
  91  6:29  Zergling x6  
  91  6:31  Ravager  
  95  6:37  Zergling x8  
  98  6:50  Zergling x10  
  102  6:55  Queen  
  102  7:00  Queen  
  106  7:02  Roach x6  
  106  7:03  Roach  
  120  7:14  Roach x6  
  132  7:21  Roach  
  132  7:22  Queen  
  134  7:25  Spine Crawler  
  134  7:27  Spine Crawler  
  134  7:30  Queen  
  128  7:45  Roach  
  128  7:46  Roach x5  
  127  7:53  Roach x5  
  127  7:54  Ravager  
  127  7:57  Zergling x4  
  129  8:02  Roach x3  
Tags
 
Add a new tag
Caveats
  • Supply blocks, unpowered buildings, or Contaminate may cause inaccurate times.
  • Supply counts are checked every 10 seconds.